General information
- name: BNet
- type: Ladder team game (AT/RT)
- host: Battle.net
- saver: RobertFord
map: Deathknell
- players: 8
- length: 41:43
- speed: Fast
- version: 1.26 W3XP
- replay type: Public
» download(241 KB)
Players
team 1 (loser)
guardmanjones (
red | 30 APM | 1245 actions | 41:41)
5 Mountain King
3 Storm Bolt
2 Bash
2 Paladin
1 Holy Light
1 Divine Shield
1 Goblin Tinker
1 Pocket Factory
» actions
| Basic commands | 401 | |
| Build / train | 76 | |
| ESC pressed | 24 | |
| Enter build submenu | 32 | |
| Enter hero's abilities submenu | 10 | |
| Give item / drop item | 5 | |
| Right click | 27 | |
| Select / deselect | 492 | |
| Use ability | 177 | |
1245 total
» units
| Peasant | 15 | |
| Rifleman | 7 | |
| Siege Engine | 6 | |
| Wisp | 9 | |
37 total
» upgrades
| Gunpowder | 2 | |
| Lumber Harvesting | 1 | |
| Masonry | 1 | |
| Barrage | 1 | |
5 total
» buildings
| Altar of Kings | 2 | |
| Farm | 7 | |
| Blacksmith | 1 | |
| Barracks | 1 | |
| Arcane Vault | 1 | |
| Scout Tower | 8 | |
| Town Hall | 1 | |
| Lumber Mill | 1 | |
| Arcane Tower | 4 | |
| Keep | 1 | |
| Guard Tower | 2 | |
| Castle | 1 | |
| Workshop | 3 | |
| Tree of Life | 1 | |
| Ancient of War | 1 | |
| Moon Well | 2 | |
37 total
» build order
00:21 Altar of Kings
00:37 Farm
01:13 Blacksmith
01:23 Barracks
01:29 Farm
02:08 Farm
02:31 Arcane Vault
02:42 Farm
02:57 Farm
04:14 Scout Tower
04:27 Scout Tower
04:29 Scout Tower
04:36 Town Hall
04:59 Farm
05:02 Scout Tower
05:09 Lumber Mill
05:12 Arcane Tower
05:16 Arcane Tower
05:43 Arcane Tower
06:48 Scout Tower
06:51 Scout Tower
07:02 Keep
07:23 Guard Tower
09:22 Scout Tower
09:25 Scout Tower
09:51 Arcane Tower
09:54 Guard Tower
10:13 Castle
10:25 Workshop
10:27 Workshop
10:32 Workshop
11:53 Farm
14:11 Altar of Kings
23:57 Tree of Life
28:52 Ancient of War
30:20 Moon Well
30:27 Moon Well
» items
| Scroll of Regeneration | 1 | |
| Lesser Clarity Potion | 1 | |
| Scroll of Town Portal | 4 | |
| Potion of Healing | 6 | |
| Potion of Mana | 2 | |
| Orb of Fire | 2 | |
16 total
cowboys82 (
yellow | 30 APM | 749 actions | 25:10)
5 Demon Hunter
2 Immolation
3 Evasion
2 Priestess of the Moon
1 Searing Arrows
1 Trueshot Aura
» actions
| Assign group hotkey | 14 | |
| Basic commands | 1 | |
| Build / train | 44 | |
| Enter build submenu | 16 | |
| Enter hero's abilities submenu | 7 | |
| Right click | 388 | |
| Select / deselect | 215 | |
| Select group hotkey | 38 | |
| Use ability | 26 | |
749 total
» units
| Wisp | 12 | |
| Archer | 5 | |
| Huntress | 6 | |
| Chimaera | 4 | |
27 total
» upgrades
| Upgrade Moon Glaive | 1 | |
| Ultravision | 1 | |
| Sentinel | 1 | |
| Corrosive Breath | 1 | |
| Strength of the Wild | 1 | |
5 total
» buildings
| Moon Well | 6 | |
| Altar of Elders | 1 | |
| Ancient of War | 1 | |
| Hunter's Hall | 1 | |
| Tree of Ages | 1 | |
| Tree of Life | 1 | |
| Tree of Eternity | 1 | |
| Ancient of Wind | 1 | |
| Ancient Protector | 1 | |
| Chimaera Roost | 2 | |
| Ancient of Wonders | 1 | |
17 total
» build order
00:07 Moon Well
00:12 Altar of Elders
00:34 Ancient of War
01:40 Moon Well
03:25 Hunter's Hall
03:43 Moon Well
04:45 Tree of Ages
04:54 Moon Well
05:53 Tree of Life
06:03 Moon Well
07:07 Tree of Eternity
07:10 Ancient of Wind
08:25 Ancient Protector
10:09 Chimaera Roost
10:10 Chimaera Roost
12:37 Moon Well
13:33 Ancient of Wonders
» items
CultOf.Fire (
teal | 104 APM | 4354 actions | 41:41)
9 Archmage
3 Summon Water Elemental
3 Brilliance Aura
1 Mass Teleport
2 Blizzard
» actions
| Assign group hotkey | 213 | |
| Basic commands | 294 | |
| Build / train | 150 | |
| Enter build submenu | 57 | |
| Enter hero's abilities submenu | 9 | |
| Give item / drop item | 6 | |
| Remove unit from queue | 1 | |
| Right click | 1420 | |
| Select / deselect | 564 | |
| Select group hotkey | 1195 | |
| Use ability | 445 | |
4354 total
» units
| Peasant | 11 | |
| Footman | 3 | |
| Goblin Shredder | 3 | |
| Goblin Zeppelin | 7 | |
| Gryphon Rider | 3 | |
| Goblin Sapper | 9 | |
| Dragonhawk Rider | 5 | |
41 total
» upgrades
| Masonry | 3 | |
| Swords | 3 | |
| Animal War Training | 1 | |
| Storm Hammers | 1 | |
| Armor | 3 | |
| Lumber Harvesting | 1 | |
| Cloud | 1 | |
13 total
» buildings
| Altar of Kings | 1 | |
| Barracks | 1 | |
| Farm | 15 | |
| Arcane Vault | 1 | |
| Town Hall | 2 | |
| Keep | 4 | |
| Lumber Mill | 1 | |
| Castle | 1 | |
| Gryphon Aviary | 6 | |
| Guard Tower | 40 | |
| Scout Tower | 34 | |
| Blacksmith | 1 | |
107 total
» build order
00:45 Altar of Kings
00:48 Barracks
00:50 Farm
01:07 Farm
01:30 Arcane Vault
01:53 Farm
02:42 Farm
03:48 Town Hall
04:43 Keep
04:50 Lumber Mill
07:05 Castle
07:07 Gryphon Aviary
07:46 Farm
07:48 Guard Tower
07:48 Guard Tower
08:21 Gryphon Aviary
08:26 Farm
08:27 Farm
08:28 Farm
08:35 Scout Tower
08:35 Scout Tower
08:36 Scout Tower
08:37 Scout Tower
08:40 Scout Tower
09:07 Guard Tower
09:07 Guard Tower
10:08 Blacksmith
10:13 Scout Tower
10:14 Farm
10:16 Scout Tower
10:53 Guard Tower
10:53 Guard Tower
15:03 Scout Tower
15:04 Scout Tower
15:05 Scout Tower
15:10 Scout Tower
15:11 Scout Tower
15:12 Scout Tower
15:12 Scout Tower
15:13 Scout Tower
15:15 Scout Tower
15:16 Scout Tower
15:17 Scout Tower
15:18 Scout Tower
15:20 Scout Tower
15:38 Guard Tower
15:38 Guard Tower
15:39 Guard Tower
15:42 Guard Tower
15:42 Guard Tower
16:38 Guard Tower
16:39 Guard Tower
16:39 Guard Tower
17:10 Guard Tower
17:10 Guard Tower
17:12 Gryphon Aviary
17:14 Gryphon Aviary
17:16 Gryphon Aviary
17:18 Gryphon Aviary
19:58 Farm
20:01 Farm
20:07 Farm
21:36 Scout Tower
21:37 Scout Tower
21:38 Scout Tower
21:38 Scout Tower
21:40 Scout Tower
22:52 Farm
22:53 Farm
23:18 Farm
25:53 Town Hall
25:57 Scout Tower
25:58 Scout Tower
26:00 Scout Tower
26:34 Guard Tower
26:34 Guard Tower
26:35 Scout Tower
26:36 Scout Tower
29:15 Guard Tower
29:15 Guard Tower
29:16 Guard Tower
29:25 Scout Tower
29:28 Scout Tower
29:29 Scout Tower
29:31 Scout Tower
30:12 Guard Tower
30:13 Guard Tower
30:19 Guard Tower
30:20 Guard Tower
36:11 Guard Tower
36:11 Guard Tower
36:13 Guard Tower
» items
| Scroll of Regeneration | 7 | |
| Mechanical Critter | 2 | |
| Ivory Tower | 3 | |
| Staff of Sanctuary | 2 | |
| Lesser Clarity Potion | 1 | |
| Scroll of Town Portal | 4 | |
19 total

»
beerzownme (
purple | 55 APM | 880 actions | 15:57)
4 Goblin Tinker
2 Pocket Factory
2 Engineering Upgrade
3 Keeper of the Grove
2 Entangling Roots
1 Thorns Aura
» actions
| Basic commands | 60 | |
| Build / train | 65 | |
| Enter build submenu | 24 | |
| Enter hero's abilities submenu | 7 | |
| Right click | 340 | |
| Select / deselect | 326 | |
| Use ability | 58 | |
880 total
» units
| Wisp | 17 | |
| Archer | 3 | |
| Huntress | 3 | |
| Goblin Shredder | 2 | |
| Gnoll Overseer | 4 | |
| Mud Golem | 2 | |
| Ice Troll Berserker | 3 | |
| Ice Troll Trapper | 2 | |
| Dryad | 5 | |
| Druid of the Claw | 1 | |
42 total
» upgrades
| Strength of the Wild | 1 | |
| Reinforced Hides | 2 | |
| Ultravision | 1 | |
| Druid of the Claw Training | 2 | |
| Abolish Magic | 1 | |
| Mark of the Claw | 1 | |
8 total
» buildings
| Moon Well | 7 | |
| Altar of Elders | 1 | |
| Tree of Life | 3 | |
| Ancient of War | 1 | |
| Hunter's Hall | 1 | |
| Tree of Ages | 1 | |
| Ancient Protector | 3 | |
| Tree of Eternity | 1 | |
| Ancient of Lore | 3 | |
| Ancient of Wonders | 1 | |
22 total
» build order
00:13 Moon Well
01:07 Altar of Elders
01:47 Tree of Life
02:06 Ancient of War
02:35 Moon Well
02:39 Moon Well
03:40 Hunter's Hall
04:49 Tree of Ages
06:56 Ancient Protector
07:12 Moon Well
07:16 Moon Well
08:05 Tree of Eternity
08:30 Ancient of Lore
08:49 Ancient of Wonders
09:02 Ancient of Lore
11:00 Ancient of Lore
12:24 Tree of Life
12:31 Ancient Protector
13:24 Moon Well
13:55 Tree of Life
14:14 Ancient Protector
15:10 Moon Well
» items
| Orb of Venom | 1 | |
| Scroll of Town Portal | 1 | |
| Potion of Mana | 1 | |
| Dust of Appearance | 1 | |
4 total
team 2 (winner)
BozoLeClown (
blue | 52 APM | 1946 actions | 37:17)
6 Demon Hunter
1 Immolation
3 Evasion
1 Metamorphosis
1 Mana Burn
» actions
| Basic commands | 18 | |
| Build / train | 83 | |
| Enter build submenu | 26 | |
| Enter hero's abilities submenu | 6 | |
| Give item / drop item | 1 | |
| Remove unit from queue | 11 | |
| Right click | 1217 | |
| Select / deselect | 507 | |
| Use ability | 77 | |
1946 total
» units
| Wisp | 35 | |
| Goblin Shredder | 1 | |
| Chimaera | 7 | |
| Hippogryph | 3 | |
46 total
» upgrades
| Ultravision | 1 | |
| Strength of the Wild | 3 | |
| Reinforced Hides | 3 | |
| Nature's Blessing | 1 | |
| Corrosive Breath | 1 | |
| Well Spring | 1 | |
10 total
» buildings
| Moon Well | 9 | |
| Tree of Life | 4 | |
| Altar of Elders | 1 | |
| Hunter's Hall | 1 | |
| Tree of Ages | 1 | |
| Ancient Protector | 3 | |
| Tree of Eternity | 1 | |
| Ancient of Wind | 3 | |
| Ancient of Wonders | 1 | |
| Chimaera Roost | 4 | |
28 total
» build order
00:22 Moon Well
01:11 Tree of Life
01:28 Altar of Elders
01:52 Moon Well
02:58 Moon Well
03:13 Hunter's Hall
04:33 Tree of Ages
05:00 Ancient Protector
05:04 Ancient Protector
05:07 Ancient Protector
05:54 Moon Well
06:57 Tree of Eternity
07:20 Ancient of Wind
07:24 Ancient of Wonders
08:33 Moon Well
08:34 Moon Well
09:21 Chimaera Roost
09:24 Chimaera Roost
09:29 Chimaera Roost
09:32 Chimaera Roost
13:02 Ancient of Wind
13:06 Ancient of Wind
13:47 Moon Well
16:27 Moon Well
17:32 Moon Well
20:26 Tree of Life
23:01 Tree of Life
26:52 Tree of Life
» items
| Scroll of Town Portal | 4 | |
| Orb of Venom | 1 | |
| Moonstone | 1 | |
6 total
hyperking (
orange | 59 APM | 2111 actions | 35:32)
4 Dreadlord
2 Sleep
2 Vampiric Aura
2 Death Knight
1 Death Coil
1 Unholy Aura
» actions
| Basic commands | 46 | |
| Build / train | 67 | |
| ESC pressed | 8 | |
| Enter build submenu | 14 | |
| Enter hero's abilities submenu | 6 | |
| Right click | 1055 | |
| Select / deselect | 837 | |
| Use ability | 66 | |
2111 total
» units
| Acolyte | 16 | |
| Ghoul | 15 | |
| Obsidian Statue | 1 | |
| Necromancer | 3 | |
| Meatwagon | 1 | |
36 total
» upgrades
| Unholy Armor | 1 | |
| Unholy Strength | 2 | |
| Cannibalize | 1 | |
| Necromancer Training | 1 | |
| Exhume Corpses | 1 | |
6 total
» buildings
| Graveyard | 1 | |
| Crypt | 2 | |
| Ziggurat | 6 | |
| Altar of Darkness | 1 | |
| Nerubian Tower | 2 | |
| Tomb of Relics | 1 | |
| Halls of the Dead | 1 | |
| Temple of the Damned | 1 | |
| Slaughterhouse | 1 | |
| Spirit Tower | 1 | |
| Necropolis | 1 | |
18 total
» build order
00:10 Graveyard
00:15 Crypt
00:17 Crypt
00:40 Ziggurat
00:58 Altar of Darkness
01:33 Nerubian Tower
01:33 Nerubian Tower
02:02 Tomb of Relics
02:26 Ziggurat
04:25 Halls of the Dead
04:29 Ziggurat
06:12 Ziggurat
06:49 Temple of the Damned
06:52 Slaughterhouse
07:49 Ziggurat
10:44 Spirit Tower
11:29 Ziggurat
13:55 Necropolis
» items

»
TopRopeDiarrhea (
green | 26 APM | 727 actions | 28:16)
7 Pit Lord
3 Rain of Fire
2 Cleaving Attack
1 Howl of Terror
1 Doom
» actions
| Assign group hotkey | 11 | |
| Build / train | 51 | |
| Enter build submenu | 13 | |
| Enter hero's abilities submenu | 7 | |
| Right click | 383 | |
| Select / deselect | 170 | |
| Select group hotkey | 36 | |
| Use ability | 56 | |
727 total
» units
| Wisp | 12 | |
| Dryad | 8 | |
| Druid of the Claw | 7 | |
27 total
» upgrades
| Strength of the Wild | 3 | |
| Reinforced Hides | 2 | |
| Abolish Magic | 1 | |
| Druid of the Claw Training | 2 | |
| Well Spring | 1 | |
| Mark of the Claw | 1 | |
| Ultravision | 1 | |
11 total
» buildings
| Moon Well | 6 | |
| Altar of Elders | 1 | |
| Tree of Ages | 1 | |
| Hunter's Hall | 1 | |
| Ancient of Wonders | 1 | |
| Ancient of Lore | 3 | |
| Tree of Eternity | 1 | |
14 total
» build order
00:08 Moon Well
01:01 Altar of Elders
02:38 Tree of Ages
02:43 Moon Well
02:56 Hunter's Hall
03:11 Ancient of Wonders
03:45 Moon Well
05:00 Ancient of Lore
05:03 Ancient of Lore
05:10 Ancient of Lore
06:10 Tree of Eternity
07:52 Moon Well
10:45 Moon Well
13:32 Moon Well
» items
| Potion of Healing | 1 | |
| Orb of Venom | 1 | |
| Potion of Mana | 1 | |
3 total
RobertFord (
pink | 45 APM | 1875 actions | 41:43)
8 Blademaster
3 Wind Walk
3 Critical Strike
1 Bladestorm
1 Mirror Image
» actions
| Assign group hotkey | 96 | |
| Basic commands | 42 | |
| Build / train | 63 | |
| Enter build submenu | 60 | |
| Enter hero's abilities submenu | 10 | |
| Give item / drop item | 3 | |
| Right click | 918 | |
| Select / deselect | 337 | |
| Select group hotkey | 174 | |
| Use ability | 172 | |
1875 total
» units
| Peon | 11 | |
| Grunt | 4 | |
| Goblin Shredder | 2 | |
| Goblin Zeppelin | 2 | |
| Goblin Sapper | 12 | |
31 total
» upgrades
| Ranged Weapons | 3 | |
| Armor | 3 | |
| Reinforced Defenses | 1 | |
7 total
» buildings
| Orc Burrow | 4 | |
| Altar of Storms | 1 | |
| Barracks | 1 | |
| Voodoo Lounge | 3 | |
| Stronghold | 5 | |
| War Mill | 3 | |
| Great Hall | 4 | |
| Watch Tower | 41 | |
| Fortress | 1 | |
| Beastiary | 4 | |
67 total
» build order
00:13 Orc Burrow
00:52 Altar of Storms
00:53 Barracks
01:07 Orc Burrow
01:38 Voodoo Lounge
02:50 Stronghold
02:50 Stronghold
02:50 Stronghold
03:57 Orc Burrow
04:51 War Mill
05:20 Great Hall
06:40 Orc Burrow
06:47 Watch Tower
06:48 Watch Tower
06:49 Watch Tower
08:24 Fortress
09:37 War Mill
09:52 Beastiary
09:53 Beastiary
09:55 Beastiary
09:56 Beastiary
11:31 Watch Tower
11:33 Watch Tower
11:34 Watch Tower
11:36 Watch Tower
11:37 Watch Tower
13:25 Watch Tower
13:26 Watch Tower
13:27 Watch Tower
13:27 Watch Tower
13:32 Watch Tower
13:33 Watch Tower
13:33 Watch Tower
16:53 Watch Tower
16:54 Watch Tower
16:55 Watch Tower
16:58 Watch Tower
17:01 Great Hall
20:53 War Mill
22:28 Watch Tower
22:29 Watch Tower
22:32 Watch Tower
22:33 Watch Tower
22:36 Watch Tower
22:38 Watch Tower
22:39 Watch Tower
22:41 Watch Tower
22:43 Watch Tower
22:45 Watch Tower
25:15 Voodoo Lounge
25:42 Great Hall
25:48 Watch Tower
25:48 Watch Tower
25:48 Watch Tower
25:49 Watch Tower
26:05 Watch Tower
26:07 Watch Tower
26:07 Watch Tower
26:08 Watch Tower
26:23 Watch Tower
26:25 Watch Tower
26:26 Watch Tower
26:29 Watch Tower
28:05 Voodoo Lounge
30:42 Stronghold
37:41 Great Hall
» items
| Healing Salve | 4 | |
| Scroll of Town Portal | 3 | |
| Potion of Mana | 1 | |
| Lesser Clarity Potion | 1 | |
| Orb of Venom | 1 | |
10 total
Chat log
(02:41 / All) RobertFord: True or false, Warcraft 3 is Blizzard's Magnum Opus??
(02:49 / All) beerzownme: t
(02:58 / All) beerzownme: isnt that a wine?
(03:13 / All) RobertFord: It means great work
(03:25 / All) RobertFord: The chief opus of a body of work
(03:42 / All) CultOf.Fire: lol
(05:42 / All) CultOf.Fire: I hate purge
(06:43 / Allies) TopRopeDiarrhea: ooh that is an early expo
(10:34 / Allies) TopRopeDiarrhea: thx
(14:13 / All) CultOf.Fire: wtf was that dropped item
(14:33 / All) guardmanjones: i tried giving it to my pally from my mk, paly died and apparently he decided to just drop it
(14:36 / Allies) RobertFord: out
(14:44 / All) CultOf.Fire: oh lawl
(14:45 / All) CultOf.Fire: wasn't sure
(15:01 / Allies) TopRopeDiarrhea: blue wait for me
(15:55 / All) beerzownme: gg
(17:31 / All) CultOf.Fire: have fun with your two ghouls orange lol
(18:22 / All) RobertFord: tanks are such bullshit
(18:36 / All) RobertFord: Red no skilled scrub can just a move my fucking base
(20:09 / All) RobertFord: you suck fucking tank scrub
(20:38 / All) RobertFord: tanks and fucking chims
(23:00 / Allies) TopRopeDiarrhea: pink spend your gold
(23:16 / Allies) RobertFord: Thanks for the tip
(26:29 / Allies) TopRopeDiarrhea: i'm dead
(26:58 / All) RobertFord: All these memories will fade in time... like tears... in rain
(27:13 / Allies) TopRopeDiarrhea: i hope so
(27:33 / Allies) TopRopeDiarrhea: my life sucks
(28:39 / Allies) BozoLeClown: gold mer pink
(28:45 / All) RobertFord: orb of venom sucks
(28:50 / All) RobertFord: Easily worst orb
(29:03 / All) RobertFord: at least fire has splash
(29:50 / Allies) BozoLeClown: wtf with you oink
(29:52 / All) guardmanjones: back devil
(30:16 / Allies) BozoLeClown: hget batsd
(30:30 / Allies) BozoLeClown: hTWE NOOBS
(30:43 / All) guardmanjones: CYA
(32:07 / Allies) BozoLeClown: 8500g
(32:41 / All) CultOf.Fire: oh boy infinite health moon well battle
(33:39 / Allies) hyperking: pink you asshold
(33:44 / Allies) hyperking: asshole
(33:49 / All) RobertFord: I am not an asshold
(34:52 / All) RobertFord: You can run but you can't hide, boi
(35:16 / Allies) BozoLeClown: you cant play
(35:30 / All) guardmanjones: lol
(35:58 / All) RobertFord: Got him in the back just like how Robert Ford done for Jesse James
(36:31 / All) guardmanjones: time to afk again
(37:21 / All) CultOf.Fire: bad luck red
(37:23 / All) CultOf.Fire: you lose
(37:34 / All) RobertFord: Yep, that's the luck you run by when you're a tank scrub
(38:02 / All) RobertFord: Kigami is the trickster blademaster
(38:03 / All) RobertFord: IMO
(40:38 / All) guardmanjones: i just got back from afk
(40:41 / All) guardmanjones: pink i hope you win
(40:42 / All) CultOf.Fire: You lose
(40:43 / All) CultOf.Fire: Bye
(40:48 / All) CultOf.Fire: We're in this together dumbass
(40:52 / All) guardmanjones: no shit
(40:52 / All) CultOf.Fire: we're 0-0 we dont' care about winning or losing
(40:57 / All) CultOf.Fire: We just care that you lose
(40:59 / All) guardmanjones: i dont care either...
(41:02 / All) guardmanjones: record is shit
(41:02 / All) CultOf.Fire: you're a good for nothing one trick pony tankbot
(41:05 / All) CultOf.Fire: you'd have left already then
(41:11 / All) guardmanjones: nah
(41:14 / All) guardmanjones: cause i aint playin another
(41:22 / All) RobertFord: oh nvm
(41:23 / All) CultOf.Fire: Good, you never should play another
(41:25 / All) RobertFord: I forgot blue left
(41:30 / All) guardmanjones: lawl